 Dungeon Crawl Stone Soup version 0.24-a0-479-g9a978d2894 (webtiles) character file.

Game seed: 10835731553239377447

16 Gynju the Poker (level 2, 0/26 HPs)
             Began as a Minotaur Fighter on July 6, 2019.
             Slain by a quokka (3 damage)
             ... on level 1 of the Dungeon.
             The game lasted 00:01:07 (893 turns).

Gynju the Poker (Minotaur Fighter)                   Turns: 893, Time: 00:01:08

Health: 0/26       AC:  6    Str: 20    XL:     2   Next: 41%
Magic:  1/1        EV:  7    Int:  5    God:
Gold:   72         SH:  9    Dex:  9    Spells: 1/1 levels left

rFire    . . .     SeeInvis .   a - +0 trident
rCold    . . .     Gourm    .   c - +0 shield
rNeg     . . .     Faith    .   b - +0 scale mail
rPois    .         Spirit   .   (helmet restricted)
rElec    .         Reflect  .   (no cloak)
rCorr    .         Harm     .   (no gloves)
MR       .....                  (no boots)
Stlth    ..........             (no amulet)
HPRegen  0.08/turn              (no ring)
MPRegen  0.07/turn              (no ring)

@: no status effects
A: retaliatory headbutt, horns 2
a: no special abilities


You were on level 1 of the Dungeon.
You were not hungry.

You visited 1 branch of the dungeon, and saw 2 of its levels.

You collected 72 gold pieces.

Inventory:

Hand Weapons
 a - a +0 trident (weapon)
Armour
 b - a +0 scale mail (worn)
 c - a +0 shield (worn)
Scrolls
 h - a scroll of magic mapping {unknown}
 k - a scroll of fear {unknown}
 n - a scroll of enchant weapon {unknown}
 o - a scroll of remove curse {unknown}
 p - 2 scrolls of enchant armour {unknown}
Potions
 d - a potion of might
 e - a potion of flight {unknown}
 i - a potion of lignification {unknown}
 j - a potion of heal wounds {unknown}
 l - a potion of magic {unknown}
 m - a potion of resistance {unknown}
Comestibles
 f - 3 rations


   Skills:
 - Level 3.6 Fighting
 + Level 3.8 Polearms
 - Level 3.6 Armour
 - Level 3.6 Shields


You had one spell level left.
You didn't know any spells.
Your spell library was empty.

Dungeon Overview and Level Annotations

Branches:
Dungeon (2/15)

Altars:

Annotations:
D:1 Terence


Innate Abilities, Weirdness & Mutations

You reflexively headbutt those who attack you in melee.
You have a pair of horns on your head.


Message History

The leopard gecko bites you but does no damage.
The quokka bites you.
* * * LOW HITPOINT WARNING * * *
Terence barely misses you. You block the leopard gecko's attack.
You block the quokka's attack.
You barely miss the leopard gecko.
The leopard gecko bites you but does no damage.
The quokka barely misses you. You block Terence's attack.
You hit the leopard gecko.
You kill the leopard gecko!
The quokka bites you.
* * * LOW HITPOINT WARNING * * *
You block Terence's attack.
The quokka bites you but does no damage.
There is an open door here.
You closely miss the quokka. You block the quokka's attack.
The quokka bites you but does no damage.
You barely miss the quokka. Terence hits you but does no damage.
The quokka bites you.
You die...

#.# ##..# #....
#######.### ##.# #.###
#.........# #.#####.#
#.#####.#.# #.......#
#.......#.# ##...#####
#..####.#.# ##.....##
#..##...#.###.......## #
#........@##>........####
##......@r.'†........'...
#..#...####.........###.
#......# ##.......## #.
##.##### ##.....## #. #.#
##...## #. #.# ##'## #.
#.# #.# #. #.# ###.#####
#. #.# #.......####


You could see Terence and a quokka.

Vanquished Creatures
  An adder skeleton (D:2)
  A leopard gecko (D:1)
  2 bats (D:1)
  A giant cockroach (D:1)
  2 hobgoblins (D:1)
  3 kobolds (D:1)
  2 rats (D:1)
12 creatures vanquished.

Notes
Turn   | Place    | Note
-------+----------+-------------------------------------------
     0 | D:1      | Gynju the Minotaur Fighter began the quest for the Orb.
     0 | D:1      | Reached XP level 1. HP: 19/19 MP: 0/0
   478 | D:1      | Reached XP level 2. HP: 26/26 MP: 1/1
   748 | D:2      | Noticed Terence
   893 | D:1      | Slain by a quokka

Levels and vault maps discovered:
D:1:      eino_arrival_tree_alley, layout_loops_corners, serial_park_tiny_1
D:2:      layout_loops_corners, minmay_rat_hole, uniq_terence

Skill      XL: |  1 |
---------------+----+-----
Polearms       | 3 |  3.8
Fighting       | |  3.6
Armour         | |  3.6
Shields        | |  3.6

Action                   || total
-------------------------++-------
Melee: Trident           ||    43
       Headbutt          ||     5
Armor: Scale mail        ||    32
Dodge: Dodged            ||    16
Block: Shield            ||    31

Table legend:
 A = Non-vault XP
 B = Vault XP
 C = Vault XP percentage of total XP
 D = Non-vault monster count
 E = Vault monster count
 F = Vault count percentage of total count
                 A         B        C        D         E       F
            +---------+---------+-------+---------+---------+-------
      Total |      24 |       0 |   0.0 |      12 |       0 |   0.0
            +---------+---------+-------+---------+---------+-------
        D:1 |      19 |       0 |   0.0 |      11 |       0 |   0.0
        D:2 |       5 |       0 |   0.0 |       1 |       0 |   0.0
            +---------+---------+-------+---------+---------+-------
